 Dungeon Crawl Stone Soup version 0.26.0-45-g9c1d065592 (webtiles) character file.

Game seed: 4644105363679626329

2185 jlumianski the Cleaver (level 9, -3/79 HPs)
             Began as a Palentonga Fighter on Jan 30, 2021.
             Was a Follower of Okawaru.
             Slain by a bullfrog (7 damage)
             ... on level 7 of the Dungeon.
             The game lasted 00:25:44 (6718 turns).

jlumianski the Cleaver (Palentonga Fighter)         Turns: 6718, Time: 00:25:45

Health: -3/79      AC: 18    Str: 29    XL:     9   Next: 11%
Magic:  9/9        EV:  8    Int:  8    God:    Okawaru [*.....]
Gold:   418        SH: 10    Dex: 10    Spells: 8/8 levels left

rFire    . . .     SeeInvis +   L - +0 war axe (flame)
rCold    . . .     Faith    .   c - +0 kite shield
rNeg     . . .     Spirit   .   r - +3 ring mail
rPois    .         Reflect  .   z - +0 helmet
rElec    .         Harm     .   K - +0 cloak
rCorr    .         Rampage  .   (no gloves)
Will     .....                  (no barding)
Stlth    +.........             (no amulet)
HPRegen  0.23/turn              j - +4 ring of slaying
MPRegen  0.11/turn              n - +6 ring of strength

@: mighty, slowed, curled up, very slow
A: large, rugged brown scales 3, see invisible, deformed body, roll 1, armoured
tail, reflexive curl
a: Rolling Charge, Renounce Religion, Heroism


You were on level 7 of the Dungeon.
You worshipped Okawaru.
Okawaru was aware of your devotion.
You visited 2 branches of the dungeon, and saw 8 of its levels.

You collected 418 gold pieces.

Inventory:

Hand Weapons
 a - a +0 war axe
 B - a +2 flail of protection
 J - a +4 quarterstaff of chaos
 L - a +0 war axe of flaming (weapon)
Missiles
 k - 154 stones
 A - 2 atropa-tipped darts
 E - 7 boomerangs (quivered)
Armour
 b - a +0 scale mail
 c - a +0 kite shield (worn)
 r - a +3 ring mail (worn)
 z - a +0 helmet (worn)
 K - a +0 cloak (worn)
Jewellery
 f - an uncursed ring of magical power
 j - a +4 ring of slaying (left hand)
 n - a +6 ring of strength (right hand)
 s - an uncursed amulet of faith
 y - an uncursed ring of attention
 D - the ring of Atzivit {Fire +Inv Dex+3}
   (You found it on level 5 of the Dungeon)

   [ring of fire]

   It enhances your fire magic.
   It affects your dexterity (+3).
   It protects you from fire.
   It makes you vulnerable to cold.
   It lets you turn invisible.
 F - an uncursed ring of willpower
 G - a +6 ring of strength
Wands
 x - a wand of digging (5)
 H - a wand of enslavement (10)
 N - a wand of paralysis (6)
Scrolls
 h - 4 scrolls of teleportation {unknown}
 i - 7 scrolls of remove curse
 m - 4 scrolls of amnesia {unknown}
 o - 2 scrolls of enchant weapon {unknown}
 u - 5 scrolls of identify
 v - 2 scrolls of magic mapping {unknown}
 w - 2 scrolls of immolation {unknown}
 C - a scroll of blinking {unknown}
 M - a scroll of fog {unknown}
Potions
 d - 2 potions of might
 e - 3 potions of flight
 g - 3 potions of brilliance {unknown}
 l - a potion of curing {unknown}
 p - 3 potions of ambrosia
 q - a potion of lignification
 t - a potion of attraction
 I - a potion of degeneration {unknown}


   Skills:
 + Level 5.3 Fighting
 + Level 8.8 Axes
 + Level 0.1 Throwing
 + Level 4.3 Armour
 + Level 2.5 Dodging
 + Level 0.7 Stealth
 + Level 4.4 Shields


You had 8 spell levels left.
You didn't know any spells.
Your spell library contained the following spells:

 Spells                   Type           Power        Failure   Level
 Magic Dart               Conj           0%           86%         1
 Blink                    Tloc           N/A          94%         2
 Call Imp                 Summ           0%           94%         2
 Slow                     Hex            0%           94%         2
 Confusing Touch          Hex            0%           99%         3
 Conjure Flame            Conj/Fire      0%           99%         3
 Gell's Gravitas          Tloc           0%           99%         3
 Mephitic Cloud           Conj/Pois/Air  0%           99%         3
 Petrify                  Tmut/Erth      0%           100%        4
 Metabolic Englaciation   Hex/Ice        0%           100%        5
 Yara's Violent Unravell  Hex/Tmut       0%           100%        5


Dungeon Overview and Level Annotations

Branches:
Dungeon (7/15)             Temple (1/1) D:5

Altars:
Ashenzari
Cheibriados
Dithmenos
Fedhas
Gozag
Hepliaklqana
Nemelex Xobeh
Okawaru
Ru
Trog
Uskayaw
Vehumet
Xom
Yredelemnul


Innate Abilities, Weirdness & Mutations

You are completely covered in rugged brown scales. (AC +3, +7% HP)
You have supernaturally acute eyesight. (SInv)
Armour fits poorly on your strangely shaped body.
You can roll at nearby foes to attack.
You have a long armoured tail.
You curl defensively after being hit.


Message History

The bullfrog hits you.
* * * LOW HITPOINT WARNING * * *
The bullfrog swells and bulges.
You block the bullfrog's attack. You block the orc warrior's attack.
The orc wizard hits you but does no damage.
The orc wizard hits you with a +0 dagger.
* * * LOW HITPOINT WARNING * * *
You block the bullfrog's attack.
You see here a howler monkey corpse.
The orc wizard hits you with a +0 dagger.
* * * LOW HITPOINT WARNING * * *
You block the orc wizard's attack. You block the orc warrior's attack.
The orc wizard gestures wildly while chanting.
The orc wizard blinks!
The orc wizard gestures wildly while chanting.
The orc wizard blinks!
The bullfrog hits you.
* * * LOW HITPOINT WARNING * * *
The bullfrog hits you!
You die...

.....#<....... #.#
...#.#.#####.# #<#
####.#.#####.####.#
#.#.##.......#.#
#.#.##.......#.########
#.#.##................#
#..............######.#
..##.......#####
#.......@Fo.# #
#.......###.# .##
######### #†###...#
#.....# ##..##...#
##...###.## #........#
#.....§....
#...#.######


You could see an orc warrior and a bullfrog.

Vanquished Creatures
  2 sky beasts (D:6)
  2 ice beasts
  A black bear (D:6)
  3 ogres
  3 centaurs
  2 bullfrogs (D:6)
  3 scorpions
  3 howler monkeys
  3 hounds
  A jelly (D:6)
  2 orc wizards
  Crazy Yiuf (D:6)
  An orc priest (D:6)
  A bullfrog skeleton (D:4)
  Jessica (D:3)
  A centaur skeleton (D:5)
  2 iguanas (D:6)
  3 worker ants
  A hound skeleton (D:6)
  11 adders
  A howler monkey skeleton (D:4)
  6 gnolls
  2 shadow imps (D:5)
  A white imp (D:6)
  An ufetubus (D:6)
  An adder zombie (D:7)
  3 worms
  6 dart slugs
  8 leopard geckos
  25 orcs
  4 ball pythons
  8 giant cockroaches
  16 goblins
  5 hobgoblins
  17 jackals
  10 kobolds
  3 quokkas
  12 bats
  11 frilled lizards
  A leopard gecko zombie (D:6)
  A quokka skeleton (D:5)
  5 rats
194 creatures vanquished.

Notes
Turn   | Place    | Note
-------+----------+-------------------------------------------
     0 | D:1      | jlumianski the Palentonga Fighter began the quest for the
                  | Orb.
     0 | D:1      | Reached XP level 1. HP: 20/20 MP: 1/1
   334 | D:1      | Reached XP level 2. HP: 19/27 MP: 2/2
   760 | D:1      | Reached XP level 3. HP: 33/33 MP: 3/3
  1184 | D:2      | Reached skill level 3 in Axes
  1658 | D:3      | Reached XP level 4. HP: 27/40 MP: 4/4
  1951 | D:2      | Found a faded altar of an unknown god.
  2317 | D:2      | Reached skill level 4 in Axes
  2317 | D:2      | Reached XP level 5. HP: 48/48 MP: 5/5
  3163 | D:4      | Noticed an ogre
  3203 | D:3      | Killed an ogre
  3204 | D:3      | Reached skill level 1 in Dodging
  3204 | D:3      | Reached XP level 6. HP: 50/55 MP: 6/6
  3520 | D:3      | Reached skill level 5 in Axes
  3650 | D:3      | Noticed Jessica
  3653 | D:3      | Killed Jessica
  3658 | D:3      | Identified Jessica's Guide on the Voyage
  3871 | D:4      | Gained mutation: You curl defensively after being hit.
                  | [Palentonga growth]
  3871 | D:4      | Reached XP level 7. HP: 62/62 MP: 7/7
  3932 | D:5      | Entered Level 5 of the Dungeon
  4156 | D:4      | Reached skill level 6 in Axes
  4608 | D:5      | Got a shimmering pewter ring
  4942 | D:5      | Identified the ring of Atzivit {Fire +Inv Dex+3} (You found
                  | it on level 5 of the Dungeon)
  4960 | D:6      | Reached XP level 8. HP: 71/71 MP: 8/8
  4980 | D:6      | Reached skill level 7 in Axes
  5205 | D:5      | Found a staircase to the Ecumenical Temple.
  5221 | Temple   | Entered the Ecumenical Temple
  5264 | Temple   | Became a worshipper of Warmaster Okawaru
  5425 | D:5      | Found a sparkling altar of Nemelex Xobeh.
  5425 | D:5      | Found an opulent altar of Gozag.
  5781 | D:6      | Reached skill level 8 in Axes
  5895 | D:6      | Reached skill level 5 in Fighting
  6053 | D:6      | Found a runed translucent door.
  6054 | D:6      | Noticed Crazy Yiuf
  6058 | D:6      | Killed Crazy Yiuf
  6241 | D:6      | Reached * piety under Okawaru
  6273 | D:7      | Reached XP level 9. HP: 23/79 MP: 9/9
  6701 | D:7      | Found a bloodstained altar of Trog.
  6708 | D:7      | HP: 3/79 [orc warrior/+0 trident of flaming (1)]
  6718 | D:7      | Slain by a bullfrog

Illustrated notes

Levels and vault maps discovered:
D:1:      lightli_arrival_noodles, layout_loops_ring, minmay_tall_x
D:2:      layout_basic, chequers_ecumenical_altar_simple
D:3:      layout_basic, kennysheep_jessica_study
D:4:      layout_rooms, minmay_ogre_servants
D:5:      layout_loops_ring, grunt_temple_overflow_opulence,
          minmay_temple_entry_offerings
D:6:      layout_loops_ring, uniq_crazy_yiuf_cottage
D:7:      kennysheep_kobold_camp, layout_loops_ring,
          nzn_overflow_gifts_of_might_and_magic
Temple:   eino_narrow_crystal_temple

Skill      XL: |  1  2  3  4  5  6  7  8 |
---------------+-------------------------+-----
Axes           | 3 4 5 6 8 |  8.8
Shields        | 3 4 |  4.4
Armour         | 3 4 |  4.3
Dodging        | 1 2 |  2.5
Fighting       | 4 5 |  5.3
Throwing       | |  0.1
Stealth        | |  0.7

Action                   |  1- 3 |  4- 6 |  7- 9 || total
-------------------------+-------+-------+-------++-------
Melee: War axe           |   125 |   196 |   163 ||   484
       Tailslap          |    11 |    29 |    23 ||    63
Throw: Stone             |       |     8 |       ||     8
       Boomerang         |       |       |     2 ||     2
 Abil: Rolling Charge    |    20 |    33 |    17 ||    70
  Use: Scroll            |     1 |     4 |       ||     5
       Potion            |     1 |     3 |     2 ||     6
Armor: Scale mail        |    87 |    12 |       ||    99
       Ring mail         |       |    88 |    67 ||   155
Dodge: Dodged            |    28 |    59 |    43 ||   130
Block: Kite shield       |    73 |   105 |    81 ||   259
